 Dungeon Crawl Stone Soup version 0.29-a0-214-g17f627cfee (webtiles) character file.

Game seed: 16118516606863631784

2917 d3vilman the Skirmisher (level 10, -11/68 HPs)
             Began as a Djinni Cinder Acolyte on Feb 25, 2022.
             Was a High Priest of Ignis.
             Mangled by Duvessa
             ... wielding a +0 short sword
              (18 damage)
             ... on level 7 of the Dungeon.
             The game lasted 00:22:23 (11314 turns).

d3vilman the Skirmisher (Djinni Cinder Acolyte)    Turns: 11314, Time: 00:22:24

Health: -11/68     AC:  5    Str: 13    XL:     10   Next: 6%
Gold:   300        EV: 18    Int: 18    God:    Ignis [*****.] SH:  0 Dex: 23

rFire   + + +      SeeInvis .   w - +5 hand axe of Midnight {vorpal, rC- Dex+6}
rCold   x x .      Faith    .   (no shield)
rNeg    + . .      Spirit   .   y - +2 robe {rN+}
rPois   ∞          Reflect  .   z - +0 helmet
rElec   .          Harm     .   (no cloak)
rCorr   .          Rampage  .   (no gloves)
Will    ++...                   (boots unavailable)
Stlth   ++........              (no amulet)
HPRegen 0.21/turn               n - +6 ring of dexterity
MPRegen 0.00/turn               (no ring)

@: about to teleport, flying
A: sickness immunity, fire resistance 2, cold vulnerability 1, float, innate
caster, HP casting, extra vitality 1, frail 1, strong-willed 1
a: Renounce Religion, Fiery Armour, Foxfire Swarm, Rising Flame


You were on level 7 of the Dungeon.
You worshipped Ignis.
Ignis was extremely pleased with you.
You visited 1 branch of the dungeon, and saw 7 of its levels.

You collected 300 gold pieces.

Inventory:

Hand Weapons
 a - a -1 short sword of flaming
 h - a +1 long sword of holy wrath
 w - the +5 hand axe of Midnight (weapon) {vorpal, rC- Dex+6}
   (You found it on level 5 of the Dungeon)

   It inflicts extra damage upon your enemies.
   Dex:       It affects your dexterity (+6).
   rC:        It makes you vulnerable to cold.
 x - a +1 whip of freezing
Missiles
 d - 15 poisoned darts
 q - 35 stones (quivered)
Armour
 y - a +2 robe of positive energy (worn)
 z - a +0 helmet (worn)
Jewellery
 n - a +6 ring of dexterity (left hand)
 A - a ring of poison resistance
Wands
 l - a wand of flame (19)
 o - a wand of polymorph (6)
 r - a wand of iceblast (14)
Scrolls
 b - a scroll of teleportation
 c - a scroll of enchant weapon
 m - a scroll of vulnerability
 s - a scroll of magic mapping {unknown}
 u - a scroll of torment {unknown}
 B - 2 scrolls of fog
 C - a scroll of noise
 D - a scroll of amnesia {unknown}
Potions
 f - 2 potions of brilliance
 i - a potion of curing
 k - 2 potions of mutation
 p - 4 potions of attraction
 v - a potion of resistance


   Skills:
 + Level 7.7 Fighting
 - Level 4.8(5.4) Short Blades
 - Level 3.8(5.0) Long Blades
 * Level 3.5 Axes
 + Level 7.6 Dodging
 - Level 2.6 Spellcasting
 * Level 3.4 Evocations


You had 2 spell levels left.
You knew the following spells:

 Your Spells              Type           Power      Damage    Failure   Level
a - Scorch                Fire           22%        2d6       9%          2
b - Sandblast             Erth           22%        2d7       6%          1
c - Passwall              Tmut/Erth      9%         N/A       9%          2
d - Summon Guardian Gole  Hex/Summ       11%        N/A       17%         3
e - Leda's Liquefaction   Hex/Erth       5%         N/A       50%         4
Your spell library was empty.

Dungeon Overview and Level Annotations

Branches:
Dungeon (7/15)             Temple (0/1) D:7

Altars:
Ashenzari
Makhleb
Okawaru
Qazlal
Wu Jian
Xom
The Shining One
Beogh

Shops:
D:1 !

Annotations:
D:3 exclusion: downstairs
D:4 3 runed translucent doors, exclusion: 2 downstairs, innerfire433's ghost, amateur DsMo
D:5 3 runed translucent doors, dolemite99's ghost, novice KoHu
D:6 1 runed translucent door, exclusion: downstairs, CowFu's ghost, novice OgBe
D:7 Duvessa


Innate Abilities, Weirdness & Mutations

You are immune to sickness and miasma.
You are immune to poison.
Your flesh is very heat resistant. (rF++)
You are vulnerable to cold. (rC-)
You float through the air rather than walking.
You learn spells naturally, not from books.
Your magical power is your life essence.
You have superior vitality. (+4 MHP)
You are frail. (-10% HP)
You are strong-willed. (Will+)


Message History

You flicker for a moment.
Duvessa hits you with a +0 short sword! Duvessa misses you.
Unknown command.
The gargoyle hurls a stone arrow at Duvessa.
The stone arrow hits Duvessa.
Duvessa barely misses you.
Okay, then.
It was a potion of ambrosia.
You are confused.
You feel invigorated. Duvessa hits you with a +0 short sword!
Unknown command.
You bump into the rock wall.
Duvessa barely misses you. Duvessa hits you with a +0 short sword!
You flicker back into view.
You feel less invigorated.
You feel less confused. Duvessa hits you with a +0 short sword.
Okay, then.
As you read the scroll labelled TAMNIO YHURUU, it crumbles to dust.
The scroll dissolves into smoke.
It was a scroll of fog.
Duvessa hits you with a +0 short sword! Duvessa barely misses you.
As you read the scroll labelled ELUZUY ICZA, it crumbles to dust.
You hear a loud clanging noise!
It was a scroll of noise.
Duvessa hits you with a +0 short sword.
As you read the scroll labelled JOVOTZ LEXU, it crumbles to dust.
It is a scroll of enchant armour.
Your +1 robe of positive energy glows green for a moment.
Duvessa hits you with a +0 short sword!
* * * LOW HITPOINT WARNING * * *
Duvessa closely misses you.
Unknown command.
As you read the scroll of teleportation, it crumbles to dust.
You feel strangely unstable. Duvessa hits you with a +0 short sword!
* * * LOW HITPOINT WARNING * * *
Unknown command.
Duvessa hits you with a +0 short sword!
* * * LOW HITPOINT WARNING * * *
Unknown command.
You feel better.
Duvessa hits you with a +0 short sword!!
You die...

#...##≈≈≈≈≈####...
#).#.##≈≈≈≈# #.#..
#.≈## ##≈≈≈#..##≈.
#.≈≈# #≈≈≈#.. #≈.
#.≈≈# #####. ##≈.
#.≈≈# ..... #≈≈.
#§§§#####.#####≈≈.
#§§§≈≈≈≈#.#≈≈≈≈≈..
#@§§≈≈≈≈#.#≈≈≈≈≈.#
#e§§≈≈≈≈#.#≈≈≈≈...
#9#§.≈≈≈#.#≈≈≈..##
#§##...≈#.#≈...##
######.##.........###
#..............####
#.#.....########
#.#...# #.#####


You could see Duvessa (berserk) and a gargoyle.

Vanquished Creatures
  Pikel (D:4)
  Eustachio (D:3)
  Menkaure (D:5)
  4 water moccasins
  2 ice beasts
  A necrophage (D:7)
  A lemure (D:4)
  A centaur (D:7)
  A kobold brigand (D:6)
  A gnoll sergeant (D:5)
  4 scorpions
  A water moccasin zombie (D:6)
  2 wyvern skeletons
  Dowan (D:7)
  A howler monkey (D:6)
  A centaur zombie (D:5)
  3 bullfrog skeletons
  2 centaur skeletons (D:7)
  3 orc priests
  A gnoll shaman (D:6)
  3 hounds
  3 iguanas
  3 orc wizards (D:3)
  A killer bee zombie (D:7)
  2 hound skeletons
  12 gnolls
  6 adders
  2 shadow imps
  An ufetubus (D:5)
  An adder skeleton (D:4)
  2 worms
  A dart slug (D:1)
  10 orcs
  5 bats
  6 endoplasms
  2 giant cockroaches
  3 goblins
  4 hobgoblins
  A quokka (D:2)
  2 ball pythons
  3 frilled lizards (D:1)
  8 kobolds
  4 rats
118 creatures vanquished.

Vanquished Creatures (others)
  An iguana (D:7)
1 creature vanquished.

Grand Total: 119 creatures vanquished

Notes
Turn   | Place    | Note
-------+----------+-------------------------------------------
     0 | D:1      | d3vilman the Djinni Cinder Acolyte began the quest for the
                  | Orb.
     0 | D:1      | Reached XP level 1. HP: 20/20 MP: 0/0
   222 | D:1      | Found a faded altar of an unknown god.
   300 | D:1      | Reached XP level 2. HP: 21/25 MP: 0/0
  1099 | D:1      | Found Karheb's Distillery.
  1247 | D:2      | Reached XP level 3. HP: 26/30 MP: 0/0
  1247 | D:2      | Learned a level 1 spell: Sandblast
  1620 | D:2      | Reached skill level 1 in Dodging
  2130 | D:3      | Found an iron altar of Okawaru.
  2189 | D:3      | Found a burning altar of Makhleb.
  2238 | D:3      | Reached XP level 4. HP: 26/37 MP: 0/0
  2247 | D:3      | Reached XP level 5. HP: 19/41 MP: 0/0
  2247 | D:3      | Learned a level 2 spell: Passwall
  2712 | D:3      | Found an ornate altar of the Wu Jian Council.
  2982 | D:3      | Found a stormy altar of Qazlal.
  2982 | D:3      | Found a faded altar of an unknown god.
  2990 | D:3      | Found a shimmering altar of Xom.
  2992 | D:3      | Found a faded altar of an unknown god.
  2994 | D:3      | Found a glowing golden altar of the Shining One.
  3110 | D:4      | Noticed Eustachio
  3277 | D:4      | Reached XP level 6. HP: 35/47 MP: 0/0
  3656 | D:3      | Gained mutation: You are strong-willed. (Will+) [potion of
                  | mutation]
  3656 | D:3      | Gained mutation: You are frail. (-10% HP) [potion of
                  | mutation]
  3662 | D:3      | Killed Eustachio
  3663 | D:3      | Reached skill level 5 in Fighting
  3663 | D:3      | Reached XP level 7. HP: 7/48 MP: 0/0
  3663 | D:3      | Learned a level 3 spell: Summon Guardian Golem
  5174 | D:4      | Identified the +3 whip of Meppab {vorpal, rElec Str+2}
  5174 | D:4      | Identified the +1 ring mail of Charity {Str+3}
  5192 | D:4      | Noticed innerfire433's ghost (amateur DsMo)
  5193 | D:4      | Found a runed translucent gate.
  5194 | D:4      | Found a runed translucent gate.
  5195 | D:4      | Found a runed translucent gate.
  5336 | D:5      | Entered Level 5 of the Dungeon
  5490 | D:5      | Identified the +5 hand axe of Midnight {vorpal, rC- Dex+6}
  5561 | D:5      | Noticed a water moccasin
  5568 | D:5      | Killed a water moccasin
  5569 | D:5      | Reached skill level 1 in Axes
  5569 | D:5      | Reached XP level 8. HP: 34/54 MP: 0/0
  6225 | D:5      | Noticed Menkaure
  6431 | D:5      | Noticed Pikel
  6453 | D:6      | Found a runed translucent door.
  7243 | D:4      | Killed Pikel
  7905 | D:5      | Killed Menkaure
  7906 | D:5      | Reached XP level 9. HP: 21/60 MP: 0/0
  7906 | D:5      | Learned a level 4 spell: Leda's Liquefaction
  8206 | D:5      | Found a runed translucent gate.
  8207 | D:5      | Found a runed translucent gate.
  8207 | D:5      | Noticed dolemite99's ghost (novice KoHu)
  8222 | D:5      | Found a runed translucent gate.
  8522 | D:5      | Found a broken altar of Ashenzari.
  9082 | D:6      | Reached skill level 1 in Evocations
 10489 | D:6      | Noticed CowFu's ghost (novice OgBe)
 10509 | D:7      | Noticed Dowan
 10519 | D:7      | Killed Dowan
 10521 | D:7      | Noticed Duvessa
 10953 | D:7      | Found a staircase to the Ecumenical Temple.
 11088 | D:7      | Reached XP level 10. HP: 60/68 MP: 0/0
 11291 | D:7      | Noticed a gargoyle
 11313 | D:7      | HP: 1/68 [Duvessa/+0 short sword (12)]
 11314 | D:7      | Mangled by Duvessa

Illustrated notes

Levels and vault maps discovered:
D:1:      dpeg_arrival_houses_and_road, layout_basic,
          shapermc_ecumenical_altar_totnotflames, serial_shops,
          nicolae_shop_temple_entry_statues_fountains, minmay_tetromino_s4
D:2:      layout_rooms
D:3:      layout_basic, nzn_wu_jian_contemplation,
          chequers_temple_overflow_minitemple,
          mainiacjoe_overflow_cross_hatched, bloody_makhleb
D:4:      layout_loops_corners, biasface_ghost_orc_armoury, uniq_eustachio
D:5:      layout_gridville, kennysheep_little_box, gammafunk_ghost_split,
          nicolae_figureground_sparkle, uniq_pikel, uniq_menkaure
D:6:      layout_cave_pools, ebering_ghost_sewer_d
D:7:      layout_loops_ring, nicolae_ru_path_of_blood,
          minmay_temple_entry_offerings, grunt_decor_junction, uniq_duvessa

Skill      XL: |  1  2  3  4  5  6  7  8  9 |
---------------+----------------------------+-----
Short Blades   | 3 4 |  4.8
Dodging        | 1 2 4 6 7 |  7.6
Fighting       | 4 5 6 7 |  7.7
Axes           | 1 2 3 |  3.5
Long Blades    | 2 3 |  3.8
Evocations     | 3 |  3.4
Spellcasting   | |  2.6

Action                   |  1- 3 |  4- 6 |  7- 9 | 10-12 || total
-------------------------+-------+-------+-------+-------++-------
Melee: Short sword       |    67 |     8 |       |       ||    75
       Hand axe          |       |       |    39 |     1 ||    40
Throw: Stone             |       |       |     1 |       ||     1
 Cast: Scorch            |    21 |    28 |   150 |     4 ||   203
       Sandblast         |       |    10 |    65 |     6 ||    81
       Summon Guardian G |       |       |     3 |       ||     3
  Use: Potion            |       |     2 |     5 |     3 ||    10
       Scroll            |       |       |     9 |     4 ||    13
 Stab: Sleeping          |     1 |       |     1 |       ||     2
       Invisible         |       |       |       |     1 ||     1
Armor: Robe              |    24 |       |    17 |     1 ||    42
       Leather armour    |       |     1 |     7 |       ||     8
Dodge: Dodged            |    60 |     8 |   174 |    27 ||   269

Table legend: (Time is in decaauts)
 A = Elapsed time spent in this place.
 B = Non-inter-level travel time spent in this place.
 C = Inter-level travel time spent in this place.
 D = Time resting spent in this place.
 E = Time spent auto-exploring this place.
 F = Levels seen in this place.
 G = Mean time per level.
                   A        B        C        D        E       F      G
               +--------+--------+--------+--------+--------+-----+--------+
         Total |  11324 |  10986 |    338 |   4185 |   5244 |   7 | 1617.7 |
       Dungeon |  11324 |  10986 |    338 |   4185 |   5244 |   7 | 1617.7 |
               +--------+--------+--------+--------+--------+-----+--------+

Top non-repeatable levels by time:
     D:4: 2585 daAuts
     D:5: 2476 daAuts
     D:3: 2061 daAuts
     D:6: 1535 daAuts
     D:1: 1242 daAuts
     D:7: 787 daAuts
     D:2: 635 daAuts
